 Dungeon Crawl Stone Soup version 0.30-b1-2-g02819fbbbe (webtiles) character file.

Game seed: 10434371642640637872

54 Mesmaeker13 the Grave Robber (level 3, -2/14 HPs)
             Began as a Felid Necromancer on June 9, 2023.
             Slain by Pikel
             ... wielding a +0 whip of electrocution
              (11 damage)
             ... on level 4 of the Dungeon.
             The game lasted 00:04:36 (3184 turns).

Mesmaeker13 the Grave Robber (Felid Necromancer)    Turns: 3184, Time: 00:04:36

Health: -2/14      AC:  1    Str:  4    XL:     3   Next: 66%
Magic:  3/8        EV: 18    Int: 18    God:
Gold:   109        SH:  0    Dex: 16    Spells: 3/7 levels left
                                        Lives:  0   Deaths: 1

rFire   . .          .
                       - Unarmed
rCold   . . .        (shield unavailable)
rNeg    . . .        (body armour unavailable)
rPois   .            (helmet unavailable)
rElec   .            (cloak unavailable)
rCorr   .            (gloves unavailable)
SInv    +            (boots unavailable)
Will    +....        (no amulet)
Stlth   ++           c - ring of wizardry
HPRegen 0.22/turn    g - ring of willpower
MPRegen 0.11/turn

%: wizardry (x1)
@: quick
A: very small, claws 1, fangs 3, see invisible, speed 1, shaggy fur 1, stealthy
paws, no weapons or thrown items, no armour, multi-lived
a: no special abilities


You were on level 4 of the Dungeon.
You visited 1 branch of the dungeon, and saw 4 of its levels.

You collected 109 gold pieces.

Inventory:

Jewellery
 c - a ring of wizardry (left paw)
 g - a ring of willpower (right paw)
Scrolls
 b - 2 scrolls of teleportation {unknown}
 e - 2 scrolls of poison {unknown}
 f - 2 scrolls of enchant weapon {unknown}
 h - a scroll of immolation {unknown}
 i - a scroll of amnesia {unknown}
Potions
 a - 2 potions of magic
 d - a potion of heal wounds {unknown}
 j - a potion of lignification {unknown}
 k - a potion of resistance {unknown}
 l - a potion of degeneration {unknown}


   Skills:
 + Level 4.0 Dodging
 - Level 2.7 Stealth
 + Level 1.9 Unarmed Combat
 + Level 2.8 Spellcasting
 + Level 4.6 Necromancy


You had 3 spell levels left.
You knew the following spells:

 Your Spells              Type           Power      Damage    Failure   Level
a - Necrotise             Necr           76%        1d7       1%          1
b - Vampiric Draining     Necr           19%        2d7       3%          3

Your spell library contained the following spells:

 Spells                   Type           Power      Damage    Failure   Level
 Sting                    Tmut/Pois      8%         1d3       7%          1
 Summon Small Mammal      Summ           8%         N/A       7%          1
 Ensorcelled Hibernation  Hex/Ice        4%         N/A       11%         2
 Poisonous Vapours        Pois/Air       4%         N/A       11%         2
 Call Canine Familiar     Summ           2%         N/A       21%         3
 Inner Flame              Hex/Fire       2%         N/A       21%         3
 Mephitic Cloud           Conj/Pois/Air  2%         N/A       21%         3
 Spider Form              Tmut/Pois      2%         N/A       21%         3
 Summon Guardian Golem    Hex/Summ       2%         N/A       21%         3
 Animate Dead             Necr           19%        N/A       10%         4
 Anguish                  Hex/Necr       5%         N/A       26%         4
 Agony                    Necr           19%        N/A       26%         5
 Olgreb's Toxic Radiance  Pois           2%         N/A       52%         4
 Summon Ice Beast         Ice/Summ       2%         N/A       52%         4
 Freezing Cloud           Conj/Ice/Air   1%         6-21      86%         5
 Summon Mana Viper        Hex/Summ       2%         N/A       86%         5
 Yara's Violent Unravell  Hex/Tmut       1%         3d3       86%         5
 Enfeeble                 Hex            1%         N/A       100%        7
 Monstrous Menagerie      Summ           1%         N/A       100%        7


Dungeon Overview and Level Annotations

Branches:
Dungeon (4/15)
 Temple: D:4-7

Altars:

Annotations:
D:3 Grinder
D:4 Pikel


Innate Abilities, Weirdness & Mutations

You have sharp claws.
You have razor-sharp teeth.
You have supernaturally acute eyesight. (SInv)
You cover ground quickly. (Speed+)
You are covered in fur. (AC +1)
Your paws help you pounce on unaware monsters.
You are incapable of wielding weapons or throwing items.
You cannot wear armour.
You gain extra lives every three experience levels.


Message History

You die...
You are now level 3!
You rejoin the land of the living...
You can't go up here!
Unknown command.
Casting: Necrotise (safe; 1% risk of failure)
Confirm with . or Enter, or press ? or * to list all spells.
Aiming: Necrotise (safe; 1% risk of failure)
Press: ? - help, Shift-Dir - straight line, f/p - Pikel
Aim: Pikel, wielding a +0 whip of electrocution and wearing a +0 robe (moderately wounded, chance to affect: 78%) Pikel writhes in agony!
Casting: Necrotise (safe; 1% risk of failure)
Confirm with . or Enter, or press ? or * to list all spells.
Aiming: Necrotise (safe; 1% risk of failure)
Press: ? - help, Shift-Dir - straight line, f/p - Pikel
Aim: Pikel, wielding a +0 whip of electrocution and wearing a +0 robe (moderately wounded, chance to affect: 78%) Pikel writhes in agony!
Pikel says, "Hell isn't that bad."
Casting: Necrotise (safe; 1% risk of failure)
Confirm with . or Enter, or press ? or * to list all spells.
Aiming: Necrotise (safe; 1% risk of failure)
Press: ? - help, Shift-Dir - straight line, f/p - Pikel
Aim: Pikel, wielding a +0 whip of electrocution and wearing a +0 robe (heavily wounded, chance to affect: 78%) Pikel writhes in agony.
Casting: Necrotise (safe; 1% risk of failure)
Confirm with . or Enter, or press ? or * to list all spells.
Aiming: Necrotise (safe; 1% risk of failure)
Press: ? - help, Shift-Dir - straight line, f/p - Pikel
Aim: Pikel, wielding a +0 whip of electrocution and wearing a +0 robe (severely wounded, chance to affect: 78%) Pikel barely resists.
Casting: Necrotise (safe; 1% risk of failure)
Confirm with . or Enter, or press ? or * to list all spells.
Aiming: Necrotise (safe; 1% risk of failure)
Press: ? - help, Shift-Dir - straight line, f/p - Pikel
Aim: Pikel, wielding a +0 whip of electrocution and wearing a +0 robe (severely wounded, chance to affect: 78%) Pikel barely resists.
Pikel hits you with a +0 whip of electrocution.
You are electrocuted!
Ouch! That really hurt!
You die...

##### #.#.#
##############.#.#######
........................
################.#######
#...@# #.##K# # #.# #.#
#.# .... ## #.# .....
..# #|# ...... #..( #.#
...... #....#.# ......


You could see Pikel.

Vanquished Creatures
  A jelly (D:4)
  2 worms (D:3)
  A dart slug (D:2)
  An orc (D:3)
  6 ball pythons
  10 bats
  2 endoplasms (D:3)
  4 giant cockroaches
  8 goblins
  9 hobgoblins
  3 quokkas
  6 frilled lizards (D:1)
  6 kobolds
  6 rats
65 creatures vanquished.

Vanquished Creatures (collateral kills)
  2 dart slugs
  An endoplasm (D:1)
  A goblin (D:1)
  A rat (D:2)
5 creatures vanquished.

Grand Total: 70 creatures vanquished

Notes
Turn   | Place    | Note
-------+----------+-------------------------------------------
     0 | D:1      | Mesmaeker13 the Felid Necromancer began the quest for the
                  | Orb.
     0 | D:1      | Reached XP level 1. HP: 7/7 MP: 4/4
   132 | D:1      | Reached XP level 2. HP: 7/11 MP: 1/6
   184 | D:1      | You fall into a shaft and drop 1 floor!
   324 | D:1      | Reached skill level 1 in Unarmed Combat
   411 | D:1      | Reached XP level 3. HP: 14/14 MP: 1/7
   699 | D:1      | Learned a level 3 spell: Vampiric Draining
  2330 | D:3      | Reached XP level 4. HP: 10/18 MP: 4/8
  2913 | D:3      | Noticed Grinder
  3058 | D:4      | Noticed an ogre
  3147 | D:4      | Noticed a lemure
  3148 | D:4      | Noticed Pikel
  3162 | D:4      | Noticed a lemure
  3164 | D:4      | Mangled by Pikel
  3165 | D:4      | Reached XP level 3. HP: -9/14 MP: 6/8
  3184 | D:4      | Slain by Pikel

Illustrated notes

Levels and vault maps discovered:
D:1:      onia_arrival_handbag, layout_basic, minmay_misc_feat_ornament
D:2:      layout_basic, minivault_14
D:3:      layout_loops_ring, minmay_puff, uniq_grinder
D:4:      layout_basic, temple_green, uniq_pikel

Skill      XL: |  1  2  3  4 |
---------------+-------------+-----
Dodging        | 3 4 |  4.0
Unarmed Combat | 1 |  1.9
Stealth        | |  2.7
Spellcasting   | |  2.8
Necromancy     | |  4.6

Action                     |  1- 3 |  4- 6 || total
---------------------------+-------+-------++-------
  Melee: Unarmed           |    50 |    14 ||    64
         Bite              |     5 |     3 ||     8
   Cast: Necrotise         |    77 |    23 ||   100
   Stab: Sleeping          |     4 |       ||     4
         Distracted        |     1 |       ||     1
 Armour: Skin              |     6 |       ||     6
  Dodge: Dodged            |    55 |    11 ||    66
